 Dungeon Crawl Stone Soup version 0.28-a0-533-g9f97627e2a (webtiles) character file.

Game seed: 6278257677254284396

264 omnomnOMINOUS the Ducker (level 6, 0/43 HPs)
             Began as an Octopode Wanderer on Sept 25, 2021.
             Was a Believer of Lugonu.
             Slain by a white imp (5 damage)
             ... on level 5 of the Dungeon.
             The game lasted 00:07:26 (4369 turns).

omnomnOMINOUS the Ducker (Octopode Wanderer)        Turns: 4369, Time: 00:07:26

Health: 0/43       AC:  1    Str:  7    XL:     6   Next: 19%
Magic:  9/9        EV: 14    Int: 21    God:    Lugonu [**....]
Gold:   127        SH:  0    Dex: 11    Spells: 6/9 levels left

rFire   . . .      SeeInvis .   a - +1 spear (venom)
rCold   . . .      Faith    +   (no shield)
rNeg    . . .      Spirit   .   (helmet restricted)
rPois   .          Reflect  .   h - amulet of faith
rElec   .          Harm     .   (no ring)
rCorr   .          Rampage  .   (no ring)
Will    .....                   (no ring)
Stlth   +++.......              (no ring)
HPRegen 0.14/turn               (no ring)
MPRegen 0.11/turn               (no ring)
                                (no ring)
                                (no ring)

@: no status effects
A: almost no armour, amphibious, 8 rings, camouflage 1, gelatinous body 1,
(nimble swimmer 1), tentacles
a: Renounce Religion, Depart the Abyss, Bend Space


You were on level 5 of the Dungeon.
You worshipped Lugonu.
Lugonu was pleased with you.
You visited 1 branch of the dungeon, and saw 5 of its levels.

You collected 127 gold pieces.

Inventory:

Hand Weapons
 a - a +1 spear of venom (weapon)
 b - a +2 hand crossbow
 c - a +0 mace
 e - a +2 rapier of venom
Missiles
 d - 50 bolts
Magical Staves
 q - a staff of poison
Jewellery
 h - an amulet of faith (around mantle)
Scrolls
 f - 3 scrolls of identify {unknown}
 i - a scroll of magic mapping {unknown}
 k - 3 scrolls of noise {unknown}
 l - a scroll of enchant armour {unknown}
 m - 3 scrolls of blinking {unknown}
 o - a scroll of enchant weapon {unknown}
 s - a scroll of amnesia {unknown}
Potions
 g - a potion of attraction {unknown}
 j - a potion of lignification {unknown}
 n - a potion of cancellation {unknown}
 p - a potion of heal wounds {unknown}
 r - 5 potions of curing


   Skills:
 + Level 4.1 Fighting
 - Level 2.0 Maces & Flails
 - Level 3.0 Crossbows
 + Level 4.1 Dodging
 - Level 2.6 Stealth
 + Level 2.3 Spellcasting
 + Level 0.0 Summonings


You had 6 spell levels left.
You knew the following spells:

 Your Spells              Type           Power      Damage    Failure   Level
a - Call Canine Familiar  Summ           2%         N/A       38%         3

Your spell library contained the following spells:

 Spells                   Type           Power      Damage    Failure   Level
 Animate Skeleton         Necr           4%         N/A       14%         1
 Pain                     Necr           8%         1d4       14%         1
 Summon Small Mammal      Summ           8%         N/A       14%         1
 Summon Guardian Golem    Hex/Summ       2%         N/A       38%         3
 Vampiric Draining        Necr           1%         2d6       38%         3


Dungeon Overview and Level Annotations

Branches:
Dungeon (5/15)             Temple (0/1) D:5

Altars:
Fedhas
Kikubaaqudgha
Uskayaw
Lugonu

Annotations:
D:4 exclusion: ogre, Sigmund
D:5 exclusion: ice beast


Innate Abilities, Weirdness & Mutations

You cannot wear most types of armour.
You are amphibious.
You can wear up to eight rings at the same time.
Your skin changes colour to match your surroundings (Stealth+).
Your rubbery body absorbs attacks. (AC +1, EV +1)
((You are camouflaged near water. (Stealth+)))
You have tentacles for arms and can constrict up to eight enemies at once.


Message History

Found a longbow.
You open the door.
There is an open door here.
You open the door.
There is an open door here.
You open the door.
There is an open door here.
You open the door.
There is an open door here.
Found a staircase to the Ecumenical Temple.
A white imp comes into view.
The white imp shouts, "Remove thy stench, thou wayward weevil-witted lewdster!"
Found a stone staircase leading down.
The white imp gestures at you. The puff of frost hits you!
You hit the white imp but do no damage. Your grab misses the white imp.
You squeeze the white imp, but do no damage.
The white imp hits you. The white imp freezes you.
You barely miss the white imp. Your grab misses the white imp.
The white imp hits you. The white imp freezes you.
You closely miss the white imp. You grab the white imp.
You constrict the white imp, but do no damage.
The white imp hits you. The white imp freezes you.
You hit the white imp but do no damage. You squeeze the white imp.
The white imp is lightly wounded.
You constrict the white imp, but do no damage.
The white imp barely misses you.
You hit the white imp but do no damage.
The white imp is lightly wounded.
You constrict the white imp. The white imp misses you.
You hit the white imp.
The white imp is heavily wounded.
You constrict the white imp, but do no damage.
The white imp gestures at you. The puff of frost hits you!
* * * LOW HITPOINT WARNING * * *
The white imp hits you.
* * * LOW HITPOINT WARNING * * *
The white imp freezes you.
You die...

#...#.........
####+#.........
#..........#+##
########..........#
..............######
..............#
..>.#.8.#.....#
..............#
###8.>@8.....#
......5.......+
....#.8.#.....#
...#....#.....# #.
#....#.....#
##+###.....# .....#
...#


You could see a white imp.

Vanquished Creatures
  A necrophage (D:4)
  An iguana (D:4)
  8 adders
  3 worms
  3 orcs (D:3)
  3 ball pythons
  6 bats
  6 endoplasms
  4 giant cockroaches
  5 goblins
  10 hobgoblins
  3 quokkas
  4 frilled lizards
  4 kobolds
  5 rats
66 creatures vanquished.

Notes
Turn   | Place    | Note
-------+----------+-------------------------------------------
     0 | D:1      | omnomnOMINOUS the Octopode Wanderer began the quest for the
                  | Orb.
     0 | D:1      | omnomnOMINOUS set off with the following items: a +2 hand
                  | crossbow, 29 bolts, a potion of curing, a +0 mace, a +0
                  | dagger
     0 | D:1      | Reached XP level 1. HP: 16/16 MP: 1/1
    55 | D:1      | Reached skill level 1 in Dodging
   219 | D:1      | Reached XP level 2. HP: 21/21 MP: 2/2
   678 | D:1      | Reached XP level 3. HP: 24/26 MP: 3/3
  1829 | D:3      | Reached XP level 4. HP: 20/31 MP: 3/5
  2147 | D:3      | Reached skill level 1 in Spellcasting
  2628 | D:3      | Reached XP level 5. HP: 35/36 MP: 7/7
  2925 | D:3      | Found an ancient bone altar of Kikubaaqudgha.
  2998 | D:3      | Found a faded altar of an unknown god.
  3006 | D:3      | Became a worshipper of Lugonu the Unformed
  3006 | D:3      | Reached * piety under Lugonu
  3006 | D:3      | Reached ** piety under Lugonu
  3426 | D:4      | Noticed an ogre
  3730 | D:4      | Found a blossoming altar of Fedhas.
  3737 | D:4      | Noticed Sigmund
  3943 | D:4      | Noticed a necrophage
  4014 | D:4      | Killed a necrophage
  4015 | D:4      | Reached XP level 6. HP: 31/43 MP: 7/9
  4146 | D:4      | Learned a level 3 spell: Call Canine Familiar
  4265 | D:5      | Entered Level 5 of the Dungeon
  4289 | D:5      | Found a hide-covered altar of Uskayaw.
  4302 | D:5      | Noticed an ice beast
  4357 | D:5      | Found a staircase to the Ecumenical Temple.
  4369 | D:5      | Slain by a white imp

Illustrated notes

Levels and vault maps discovered:
D:1:      erik_arrival_cave_to_civilisation [erik_arrival_cave_to_hall],
          layout_loops_ring, corexii_leaking_fountain
D:2:      layout_basic
D:3:      layout_basic, lemuel_crystal_altar,
          hellmonk_ecumenical_altar_inner_sanctum, chequers_serial_rivers_room_a
D:4:      layout_gridville, mainiacjoe_overflow_tiny_flanked,
          kennysheep_mini_moat, minmay_goblin_outpost, uniq_sigmund
D:5:      layout_gridville, nicolae_ashenzari_panopticon,
          mainiacjoe_overflow_six_doors_small,
          minmay_temple_entry_statues_pillars, grunt_decor_mini_mirrors,
          roderic_batcave

Skill      XL: |  1  2  3  4  5 |
---------------+----------------+-----
Dodging        | 1 2 3 4 |  4.1
Spellcasting   | 1 2 |  2.3
Fighting       | 4 |  4.1
Maces & Flails | |  2.0
Crossbows      | |  3.0
Stealth        | |  2.6

Action                   |  1- 3 |  4- 6 || total
-------------------------+-------+-------++-------
Melee: Mace              |    69 |    76 ||   145
       Constrict         |    18 |    21 ||    39
       Tentacles         |    11 |    15 ||    26
       Spear             |       |    24 ||    24
 Stab: Sleeping          |    15 |     6 ||    21
Armor: Skin              |     7 |     7 ||    14
Dodge: Dodged            |    47 |    69 ||   116

Table legend: (Time is in decaauts)
 A = Elapsed time spent in this place.
 B = Non-inter-level travel time spent in this place.
 C = Inter-level travel time spent in this place.
 D = Time resting spent in this place.
 E = Time spent auto-exploring this place.
 F = Levels seen in this place.
 G = Mean time per level.
                   A        B        C        D        E       F      G
               +--------+--------+--------+--------+--------+-----+--------+
         Total |   4412 |   4208 |    204 |    413 |   3150 |   5 |  882.4 |
       Dungeon |   4412 |   4208 |    204 |    413 |   3150 |   5 |  882.4 |
               +--------+--------+--------+--------+--------+-----+--------+

Top non-repeatable levels by time:
     D:3: 1342 daAuts
     D:4: 1135 daAuts
     D:1: 1027 daAuts
     D:2: 802 daAuts
     D:5: 104 daAuts
